 Dungeon Crawl Stone Soup version 0.30-a0-883-g5ad918d77d (webtiles) character file.

Game seed: 4860994857974723553

1082 ooooo the Conjurer (level 8, 57/57 HPs)
             Began as a Demonspawn Conjurer on Mar 17, 2023.
             Was an Initiate of Gozag.
             Quit the game on level 5 of the Dungeon.
             The game lasted 00:10:47 (6381 turns).

ooooo the Conjurer (Demonspawn Conjurer)            Turns: 6381, Time: 00:10:48

Health: 57/57      AC:  7    Str:  8    XL:     8   Next: 8%
Magic:  9/12       EV: 17    Int: 29    God:    Gozag
Gold:   301        SH:  0    Dex: 12    Spells: 6/13 levels left

rFire   . . .      SeeInvis .    t - +2 short sword (drain)
rCold   . . .      Faith    .    (no shield)
rNeg    . . .      Spirit   .    C - +2 robe
rPois   .          Reflect  .    s - +0 helmet
rElec   .          Rampage  .    f - +0 cloak
rCorr   .                        y - +0 pair of gloves
Will    .....                    (no boots)
Stlth   ++                       (no amulet)
HPRegen 2.29/turn                o - +5 ring of evasion
MPRegen 0.13/turn                u - +6 ring of intelligence

@: gold aura
A: foul stench 1, powered by death 2, big brain 1
a: Renounce Religion, Potion Petition, Call Merchant, Bribe Branch


You were on level 5 of the Dungeon.
You worshipped Gozag.
Gozag was aware of your devotion.
You visited 2 branches of the dungeon, and saw 6 of its levels.

You collected 354 gold pieces.
You paid 53 gold pieces to Gozag.

Inventory:

Hand Weapons
 d - a +0 short sword
 n - a +2 dagger of venom
 t - a +2 short sword of draining (weapon)
 A - a +2 whip of flaming
Armour
 f - a +0 cloak (worn)
 q - a +0 leather armour
 s - a +0 helmet (worn)
 y - a +0 pair of gloves (worn)
 C - a +2 robe (worn)
Magical Staves
 p - a staff of fire
Jewellery
 o - a +5 ring of evasion (left hand)
 u - a +6 ring of intelligence (right hand)
Wands
 z - a wand of roots (8)
Scrolls
 a - a scroll of blinking {unknown}
 c - 2 scrolls of amnesia {unknown}
 i - a scroll of immolation {unknown}
 j - a scroll of poison
 k - a scroll of brand weapon {unknown}
 l - 3 scrolls of teleportation {unknown}
 x - 2 scrolls of vulnerability {unknown}
 D - a scroll of identify
Potions
 b - 2 potions of magic
 e - 3 potions of haste
 g - 6 potions of curing
 h - 3 potions of brilliance
 m - a potion of might
 r - a potion of lignification
 v - 2 potions of berserk rage
 w - 5 potions of heal wounds
 B - 2 potions of resistance {unknown}


   Skills:
 + Level 2.7 Fighting
 + Level 2.3 Armour
 + Level 3.0 Dodging
 + Level 3.2 Stealth
 + Level 3.3 Spellcasting
 * Level 7.3 Conjurations
 + Level 2.6 Evocations


You had 6 spell levels left.
You knew the following spells:

 Your Spells              Type           Power      Damage    Failure   Level
a - Searing Ray           Conj           94%        2d7       1%          2
b - Magic Dart            Conj           100%       1d8       1%          1
c - Fulminant Prism       Conj/Hex       13%        3d8       16%         4

Your spell library contained the following spells:

 Spells                   Type           Power      Damage    Failure   Level
 Dazzling Flash           Conj/Hex       52%        N/A       4%          3
 Iskenderun's Mystic Bla  Conj/Tloc      26%        2d7       16%         4
 Portal Projectile        Hex/Tloc       8%         N/A       22%         3
 Tukima's Dance           Hex            4%         N/A       22%         3
 Blade Hands              Tmut           2%         N/A       91%         5


Dungeon Overview and Level Annotations

Branches:
Dungeon (5/15) Zot: 23771  Temple (1/1) D:4 Zot: 5828

Altars:
Ashenzari
Cheibriados
Fedhas
Gozag
Hepliaklqana
Kikubaaqudgha
Makhleb
Nemelex Xobeh
Okawaru
Qazlal
Trog
Uskayaw
Vehumet
Wu Jian
Xom
Yredelemnul


Innate Abilities, Weirdness & Mutations

You may rarely emit foul miasma when damaged in melee.
You regenerate health from kills.
You have an unusually large brain. (Int +2)


Message History

You now have 273 gold pieces (gained 5).
g - 6 potions of curing (gained 1)
Things that are here:
a +0 scythe; a +2 robe
C - a +2 robe
Okay, then.
You start removing your armour.
You continue taking off your +0 leather armour. x4
HP restored.
You finish taking off your +0 leather armour.
You start putting on your armour.
You continue putting on your +2 robe. x5
You finish putting on your +2 robe.
Unknown command.
Found a leather armour.
Search for what [Enter for "."]? .
w - 4 potions of heal wounds (gained 1)
D - a scroll of identify
As you read the scroll of identify, it crumbles to dust.
v - 2 potions of berserk rage You see here a +0 leather armour.
w - 5 potions of heal wounds (gained 1)
D - a scroll of identify You now have 285 gold pieces (gained 12).
You pick up a book of Weapons and begin reading...
You add the spells Tukima's Dance, Portal Projectile and Blade Hands to your library.
Search for what [Enter for "."]? .
You now have 301 gold pieces (gained 16).
A white imp comes into view.
Casting: Searing Ray (safe; 1% risk of failure)
Confirm with . or Enter, or press ? or * to list all spells.
Aiming: Searing Ray (safe; 1% risk of failure)
Press: ? - help, Shift-Dir - straight line, f - white imp
Aim: a white imp (82% to hit)
The searing ray hits the white imp!
The white imp is almost dead. (Press . to maintain the ray.) Unknown command.
The searing ray hits the white imp.
You kill the white imp!
Are you sure you want to abandon this character and quit the game? (Confirm with "yes".)

.. .#.### #######.......# #
##############..@$....##...# ####
#..................$.## #..###...
..#########....##########..#...##
### ####..#### #.......### ####
##....## ..##.#.#### ...###..####
#.#....# ##..##.## #..###.##
###..#.# ##.###.## ##....# ##
#####.##....


There were no monsters in sight!

Vanquished Creatures
  Pikel (D:5)
  Sigmund (D:5)
  An ogre (D:5)
  4 lemures (D:5)
  3 scorpions
  Jessica (D:2)
  An iguana (D:5)
  A sleepcap (D:5)
  Robin (D:3)
  An adder (D:3)
  A white imp (D:5)
  2 worms
  A dart slug (D:4)
  An orc (D:4)
  7 ball pythons
  5 endoplasms
  4 giant cockroaches
  11 goblins
  10 hobgoblins
  2 jackals (D:4)
  3 quokkas
  8 bats
  5 frilled lizards
  5 kobolds
  4 rats
84 creatures vanquished.

Vanquished Creatures (others)
  A fulminant prism (D:5)
1 creature vanquished.

Grand Total: 85 creatures vanquished

Notes
Turn   | Place    | Note
-------+----------+-------------------------------------------
     0 | D:1      | ooooo the Demonspawn Conjurer began the quest for the Orb.
     0 | D:1      | Reached XP level 1. HP: 13/13 MP: 3/3
   380 | D:1      | Gained mutation: You regenerate a little health from kills.
                  | [demonic ancestry]
   380 | D:1      | Reached XP level 2. HP: 19/19 MP: 0/5
  1428 | D:2      | Learned a level 2 spell: Searing Ray
  1559 | D:2      | Noticed Jessica
  1578 | D:2      | Killed Jessica
  1579 | D:2      | Reached skill level 5 in Conjurations
  1579 | D:2      | Reached XP level 3. HP: 24/24 MP: 1/6
  2094 | D:2      | Found a faded altar of an unknown god.
  2368 | D:3      | Gained mutation: You have an unusually large brain. (Int
                  | +2) [demonic ancestry]
  2368 | D:3      | Reached XP level 4. HP: 30/30 MP: 3/7
  2936 | D:3      | Noticed Robin
  2981 | D:3      | Killed Robin
  2982 | D:3      | Reached skill level 6 in Conjurations
  3541 | D:4      | Found a staircase to the Ecumenical Temple.
  3547 | Temple   | Entered the Ecumenical Temple
  3776 | D:4      | Found a bloodstained altar of Trog.
  3803 | D:4      | Noticed a scorpion
  3819 | D:4      | Killed a scorpion
  3820 | D:4      | Gained mutation: You regenerate health from kills. [demonic
                  | ancestry]
  3820 | D:4      | Reached XP level 5. HP: 32/36 MP: 0/8
  4373 | D:4      | Found an opulent altar of Gozag.
  4381 | D:4      | Became a worshipper of Gozag Ym Sagoz the Greedy
  4530 | D:4      | Learned a level 4 spell: Fulminant Prism
  4541 | D:5      | Entered Level 5 of the Dungeon
  4541 | D:5      | Noticed Pikel
  4541 | D:5      | Noticed a lemure
  4541 | D:5      | Noticed a lemure
  4542 | D:5      | Noticed a lemure
  4542 | D:5      | Noticed a lemure
  4922 | D:5      | Reached skill level 1 in Fighting
  5048 | D:5      | Killed a lemure
  5623 | D:5      | Reached skill level 1 in Armour
  5623 | D:5      | Reached skill level 1 in Evocations
  5623 | D:5      | Reached XP level 6. HP: 35/43 MP: 4/9
  5838 | D:5      | Killed Pikel
  5839 | D:5      | Reached skill level 7 in Conjurations
  5839 | D:5      | Reached XP level 7. HP: 18/50 MP: 1/11
  6152 | D:5      | Noticed Sigmund
  6159 | D:5      | Killed Sigmund
  6160 | D:5      | Gained mutation: You may rarely emit foul miasma when
                  | damaged in melee. [demonic ancestry]
  6160 | D:5      | Reached XP level 8. HP: 53/57 MP: 7/12
  6381 | D:5      | Quit the game

Illustrated notes

Levels and vault maps discovered:
D:1:      lemuel_arrival_behind_the_door_small, layout_basic
D:2:      layout_basic, chequers_ecumenical_altar_twisty, uniq_jessica
D:3:      layout_loops_corners, uniq_robin
D:4:      layout_basic, lemuel_coloured_pillars_altar,
          mainiacjoe_overflow_small_starburst,
          minmay_temple_entry_drinking_statues
D:5:      layout_rooms, uniq_pikel, uniq_sigmund
Temple:   nicolae_temple_bog_church

Skill      XL: |  1  2  3  4  5  6  7 |
---------------+----------------------+-----
Conjurations   | 5 6 7 |  7.3
Dodging        | 2 3 |  3.0
Stealth        | 2 3 |  3.2
Fighting       | 1 2 |  2.7
Armour         | 1 2 |  2.3
Evocations     | 1 2 |  2.6
Spellcasting   | 3 |  3.3

Action                     |  1- 3 |  4- 6 |  7- 9 || total
---------------------------+-------+-------+-------++-------
  Melee: Short sword       |     4 |    33 |       ||    37
         Dagger            |     1 |     2 |       ||     3
   Cast: Magic Dart        |    52 |       |       ||    52
         Searing Ray       |     6 |    30 |     5 ||    41
         Fulminant Prism   |       |     1 |       ||     1
  Evoke: Wand              |       |       |     1 ||     1
    Use: Scroll            |     4 |     3 |     1 ||     8
   Stab: Sleeping          |     1 |       |       ||     1
 Armour: Robe              |     8 |       |       ||     8
         Leather armour    |       |     8 |       ||     8
  Dodge: Dodged            |     8 |    45 |     1 ||    54

Table legend: (Time is in decaauts)
 A = Elapsed time spent in this place.
 B = Non-inter-level travel time spent in this place.
 C = Inter-level travel time spent in this place.
 D = Time resting spent in this place.
 E = Time spent auto-exploring this place.
 F = Levels seen in this place.
 G = Mean time per level.
                   A        B        C        D        E       F      G
               +--------+--------+--------+--------+--------+-----+--------+
         Total |   6400 |   6169 |    231 |   1256 |   4122 |   6 | 1066.7 |
       Dungeon |   6228 |   6010 |    218 |   1256 |   3976 |   5 | 1245.6 |
        Temple |    171 |    158 |     13 |      0 |    146 |   1 |  171.0 |
               +--------+--------+--------+--------+--------+-----+--------+

Top non-repeatable levels by time:
     D:4: 1578 daAuts
     D:1: 1257 daAuts
     D:3: 1175 daAuts
     D:2: 1112 daAuts
     D:5: 1104 daAuts
  Temple: 171 daAuts
